 Dungeon Crawl Stone Soup version 0.31-a0-236-g9a0961fb85 (webtiles) character file.

Game seed: 7209196771032888909

77 qw the Shooter (level 4, -1/36 HPs)
             Began as a Minotaur Hexslinger on July 10, 2023.
             Slain by a gnoll
             ... wielding a +0 club
              (4 damage)
             ... on level 2 of the Dungeon.
             The game lasted 00:00:33 (1516 turns).

qw the Shooter (Minotaur Hexslinger)                Turns: 1516, Time: 00:00:34

Health: -1/36      AC:  2    Str: 12    XL:     4   Next: 14%
Magic:  4/4        EV: 13    Int: 10    God:
Gold:   1          SH:  0    Dex: 21    Spells: 4/5 levels left

rFire   . . .        Y - +1 sling
rCold   . . .        (no shield)
rNeg    . . .        c - +0 robe
rPois   .            (helmet restricted)
rElec   .            (no cloak)
rCorr   .            (no gloves)
SInv    .            (no boots)
Will    .....        h - amulet of faith
Stlth   ++           g - +6 ring of dexterity
HPRegen 0.26/turn    (no ring)
MPRegen 0.09/turn

%: faith
@: no status effects
A: horns 2, retaliatory headbutt
a: no special abilities


You were on level 2 of the Dungeon.
You visited 1 branch of the dungeon, and saw 2 of its levels.

You collected 72 gold pieces.
You spent 71 gold pieces at shops.


Innate Abilities, Weirdness & Mutations

You have a pair of horns on your head.
You reflexively headbutt those who attack you in melee.


   Skills:
 - Level 2.0 Fighting
 + Level 4.6 Ranged Weapons
 - Level 2.1 Dodging
 - Level 1.0 Spellcasting
 - Level 2.0 Hexes


You had 4 spell levels left.
You knew the following spells:

 Your Spells              Type           Power      Damage    Failure   Level
a - Slow                  Hex            16%        N/A       16%         1

Your spell library contained the following spells:

 Spells                   Type           Power      Damage    Failure   Level
 Inner Flame              Hex/Fire       2%         N/A       56%         3
 Portal Projectile        Hex/Tloc       4%         N/A       56%         3
 Cause Fear               Hex            2%         N/A       83%         4

Inventory:

Hand Weapons
 Y - a +1 sling (weapon)
Armour
 c - a +0 robe (worn)
 n - a +0 cloak
 o - a +0 leather armour
Jewellery
 d - a ring of ice
 g - a +6 ring of dexterity (left hand)
 h - an amulet of faith (around neck)
Scrolls
 a - a scroll of teleportation
 b - a scroll of enchant armour {unknown}
 i - a scroll of blinking {unknown}
 j - a scroll of identify {unknown}
Potions
 e - 2 potions of curing
 f - a potion of magic {unknown}
 k - a potion of might {unknown}
 l - a potion of ambrosia {unknown}
 m - a potion of heal wounds {unknown}

Dungeon Overview and Level Annotations

Branches:
Dungeon (2/15)

Altars:

Shops:
D:2 [


Message History

The sling bullet hits the adder but does no damage.
You shoot a sling bullet. The sling bullet hits the adder!
The adder is almost dead.
The adder bites you but does no damage.
You shoot a sling bullet.
The sling bullet hits the adder but does no damage.
The adder is almost dead.
You hear a shout!
The adder bites you but does no damage. x2
You shoot a sling bullet. The sling bullet hits the adder!
You kill the adder!
A gnoll comes into view. It is wielding a +0 club.
The gnoll barely misses you.
You shoot a sling bullet. The sling bullet hits the gnoll.
The gnoll is severely wounded.
The gnoll hits you with a +0 club. The gnoll barely misses you.
You shoot a sling bullet.
The sling bullet hits the gnoll but does no damage.
The gnoll is severely wounded.
The gnoll hits you with a +0 flail. The gnoll hits you with a +0 club.
You shoot a sling bullet.
The sling bullet closely misses the gnoll.
The sling bullet hits the gnoll.
The gnoll is moderately wounded.
The gnoll misses you.
You shoot a sling bullet.
The sling bullet hits the gnoll but does no damage.
The gnoll is severely wounded.
The gnoll misses you. The gnoll barely misses you. x2
You shoot a sling bullet. The sling bullet hits the gnoll!
You kill the gnoll!
The gnoll barely misses you. You furiously retaliate!
You headbutt the gnoll. The gnoll hits you with a +0 club!
The gnoll barely misses you. You furiously retaliate!
You headbutt the gnoll.
You have reached level 4!
You feel agile.
You shoot a sling bullet.
The sling bullet hits the gnoll but does no damage.
The gnoll is moderately wounded.
The gnoll misses you. The gnoll hits you with a +0 club. x4
You die...

.## ###..# ..# #..
#..# ..# #.. #..#
..# #... #..# .#
#.. ###..# # #..
##....## ######
#####'##......#
......
......g.......##
......
......w@.........#
.g....
......gg......##.#
######
#####'##......# #
## #.. ##>...##
.## #.. ###.## ..#
#... .# ..# #.. .#
..# #.. .##


You could see a worm and 3 gnolls.

Vanquished Creatures
  A gnoll (D:2)
  3 adders (D:2)
  2 dart slugs
  2 ball pythons
  3 bats
  3 endoplasms
  3 giant cockroaches
  8 goblins
  2 hobgoblins
  A quokka (D:1)
  5 frilled lizards
  A kobold (D:2)
  2 rats
36 creatures vanquished.

Notes
Turn   | Place    | Note
-------+----------+-------------------------------------------
     0 | D:1      | qw the Minotaur Hexslinger began the quest for the Orb.
     0 | D:1      | Reached XP level 1. HP: 16/16 MP: 1/1
     0 | D:1      | 0 ||| qw: Version: 0.3-a-52-g30416fa
     0 | D:1      | 0 ||| qw: Game counter: 4737
     0 | D:1      | 0 ||| qw: Melee chars always use a shield: true
     0 | D:1      | 0 ||| qw: God list: Okawaru
     0 | D:1      | 0 ||| qw: Allow faded altars: false
     0 | D:1      | 0 ||| qw: Do Orc after clearing Dungeon:15 true
     0 | D:1      | 0 ||| qw: Do second Lair branch before Depths: true
     0 | D:1      | 0 ||| qw: Lair rune preference: random
     0 | D:1      | 0 ||| qw: Goals: Normal
     0 | D:1      | 0 ||| PLANNING D:1-11
   304 | D:1      | Reached skill level 3 in Ranged Weapons
   308 | D:1      | Reached XP level 2. HP: 23/23 MP: 2/2
   935 | D:1      | 935 ||| UPGRADING to amulet of faith.
   940 | D:1      | 940 ||| UPGRADING to +6 ring of dexterity.
   941 | D:1      | 941 ||| READING scroll labelled WIUN OKHALOI.
   944 | D:1      | 944 ||| DRINKING 3 sedimented white potions.
   945 | D:1      | 945 ||| DROPPING scroll of poison.
  1024 | D:2      | Reached XP level 3. HP: 24/29 MP: 3/3
  1028 | D:2      | 1028 ||| FLEEEEING.
  1030 | D:2      | 1030 ||| FLEEEEING.
  1031 | D:2      | 1031 ||| FLEEEEING.
  1084 | D:2      | Reached skill level 4 in Ranged Weapons
  1184 | D:2      | Found a faded altar of an unknown god.
  1302 | D:2      | 1302 ||| FLEEEEING.
  1303 | D:2      | 1303 ||| FLEEEEING.
  1304 | D:2      | 1304 ||| FLEEEEING.
  1305 | D:2      | 1305 ||| FLEEEEING.
  1306 | D:2      | 1306 ||| FLEEEEING.
  1314 | D:2      | 1314 ||| FLEEEEING.
  1315 | D:2      | 1315 ||| FLEEEEING.
  1319 | D:2      | 1319 ||| FLEEEEING.
  1320 | D:2      | 1320 ||| FLEEEEING.
  1321 | D:2      | 1321 ||| FLEEEEING.
  1322 | D:2      | 1322 ||| FLEEEEING.
  1323 | D:2      | 1323 ||| FLEEEEING.
  1324 | D:2      | 1324 ||| FLEEEEING.
  1325 | D:2      | 1325 ||| FLEEEEING.
  1326 | D:2      | 1326 ||| FLEEEEING.
  1327 | D:2      | 1327 ||| FLEEEEING.
  1419 | D:2      | Found Johe's Armour Emporium.
  1422 | D:2      | 1422 ||| BUYING +0 cloak (49 gold).
  1422 | D:2      | Bought a +0 cloak for 49 gold pieces
  1422 | D:2      | 1422 ||| BUYING +0 leather armour (22 gold).
  1422 | D:2      | Bought a +0 leather armour for 22 gold pieces
  1422 | D:2      | 1422 ||| SHOPLISTING +0 ring mail (44 gold, have 1).
  1516 | D:2      | Reached XP level 4. HP: 16/36 MP: 4/4
  1516 | D:2      | HP: 7/36 [gnoll/+0 club (6)]
  1516 | D:2      | HP: 3/36 [gnoll/+0 club (4)]
  1516 | D:2      | Slain by a gnoll

Levels and vault maps discovered:
D:1:      elethiomel_arrival_maze, layout_loops_corners
D:2:      kennysheep_six_static_rooms, layout_loops_ring, serial_shops, shop,
          hellmonk_ecumenical_altar_pennies_from_heaven,
          chequers_serial_rivers_micro_d, minmay_vboxes

Skill      XL: |  1  2  3 |
---------------+----------+-----
Ranged Weapons | 3 4 |  4.6
Fighting       | 2 |  2.0
Dodging        | |  2.1
Spellcasting   | |  1.0
Hexes          | |  2.0

Action                     |  1- 3 |  4- 6 || total
---------------------------+-------+-------++-------
   Fire: Sling             |    97 |     1 ||    98
    Use: Scroll            |     1 |       ||     1
         Potion            |     1 |       ||     1
 Armour: Robe              |     8 |       ||     8
  Dodge: Dodged            |    33 |     1 ||    34

Table legend:
 A = Non-vault XP
 B = Vault XP
 C = Vault XP percentage of total XP
 D = Non-vault monster count
 E = Vault monster count
 F = Vault count percentage of total count
                 A         B        C        D         E       F
            +---------+---------+-------+---------+---------+-------
      Total |      64 |      47 |  42.3 |      22 |      14 |  38.9
            +---------+---------+-------+---------+---------+-------
        D:1 |      28 |       0 |   0.0 |      14 |       0 |   0.0
        D:2 |      36 |      47 |  56.6 |       8 |      14 |  63.6
            +---------+---------+-------+---------+---------+-------
